 Dungeon Crawl Stone Soup version 0.30.1-4-g462c640d31 (webtiles) character file.

Game seed: 6833098116589582794

11 leafyfresh the Sneak (level 2, 0/21 HPs)
             Began as an Octopode Delver on Aug 25, 2023.
             Slain by an orc priest
             ... wielding a +0 dagger
              (2 damage)
             ... on level 5 of the Dungeon.
             The game lasted 00:00:29 (55 turns).

leafyfresh the Sneak (Octopode Delver)                Turns: 55, Time: 00:00:30

Health: 0/21       AC:  1    Str: 11    XL:     2   Next: 25%
Magic:  2/2        EV: 13    Int: 12    God:
Gold:   0          SH:  0    Dex: 13    Spells: 1/1 levels left

rFire   . . .        a - +0 short sword
rCold   . . .        (no shield)
rNeg    . . .        (helmet restricted)
rPois   .            (no amulet)
rElec   .            (no ring)
rCorr   .            (no ring)
SInv    .            (no ring)
Will    .....        (no ring)
Stlth   ++++         (no ring)
HPRegen 0.23/turn    (no ring)
MPRegen 0.08/turn    (no ring)
                     (no ring)

%: no passive effects
@: no status effects
A: almost no armour, amphibious, 8 rings, camouflage 1, gelatinous body 1,
(nimble swimmer 1), tentacles
a: no special abilities


You were on level 5 of the Dungeon.
You visited 1 branch of the dungeon, and saw 1 of its levels.

Inventory:

Hand Weapons
 a - a +0 short sword (weapon)
Wands
 f - a wand of digging (3)
Scrolls
 b - a scroll of fog
 c - a scroll of magic mapping
 d - a scroll of fear
Potions
 e - a potion of haste


   Skills:
 - Level 3.0 Fighting
 - Level 2.0 Short Blades
 - Level 2.0 Dodging
 + Level 7.3 Stealth


You had one spell level left.
You didn't know any spells.
Your spell library was empty.

Dungeon Overview and Level Annotations

Branches:
Dungeon (5/15)
 Temple: D:4-7

Altars:


Innate Abilities, Weirdness & Mutations

You cannot wear most types of armour.
You are amphibious.
You can wear up to eight rings at the same time.
Your skin changes colour to match your surroundings (Stealth+).
Your rubbery body absorbs attacks. (AC +1, EV +1)
((You are camouflaged when in or above water. (Stealth+)))
You have tentacles for arms and can constrict up to eight enemies at once.


Message History

The orc priest is lightly wounded.
You constrict the orc priest, but do no damage.
The orc priest hits you with a +0 dagger.
You hit the orc priest but do no damage.
The orc priest is lightly wounded.
You constrict the orc priest, but do no damage.
The orc priest hits you but does no damage.
The orc hits you from afar with a +0 trident.
You hit the orc priest.
The orc priest is lightly wounded.
You constrict the orc priest, but do no damage.
The orc priest hits you with a +0 dagger.
* * * LOW HITPOINT WARNING * * *
You hit the orc priest but do no damage.
The orc priest is lightly wounded.
You constrict the orc priest. The orc misses you. The dart slug bites you.
* * * LOW HITPOINT WARNING * * *
The orc priest closely misses you.
You hit the orc priest but do no damage.
The orc priest is moderately wounded.
You constrict the orc priest.
The orc hits you from afar with a +0 trident.
* * * LOW HITPOINT WARNING * * *
An orc comes into view. It is wielding a +0 flail.
Unknown command.
The orc shouts!
You hit the orc priest but do no damage.
Your squeeze misses the orc priest.
The orc priest is heavily wounded.
You constrict the orc priest, but do no damage.
The orc priest mumbles some strange prayers to Beogh against you.
You barely resist. The orc barely misses you.
The dart slug launches a dart at you. The slug dart misses you.
The slug dart hits the orc priest.
You hit the orc priest but do no damage.
You squeeze the orc priest.
The orc priest is almost dead.
You constrict the orc priest.
The orc priest hits you with a +0 dagger.
You die...

#.# .######.#
........#
#######[#
#.######..#
#.†....(..#
#.###..##.# #w#
..# #@# ..# #o#
## ##o#
#######o.#
####........#
.♣♣♣P♣.>..###..#
♣~~~~~♣.#.# ##.#
♣~~P~~~~#.# #..$
~~~~~~~~..#
##...


You could see an orc priest, a dart slug and 2 orcs.

Vanquished Creatures
  An adder (D:5)
  An orc (D:5)
2 creatures vanquished.

Notes
Turn   | Place    | Note
-------+----------+-------------------------------------------
     0 | D:5      | leafyfresh the Octopode Delver began the quest for the Orb.
     0 | D:5      | Reached XP level 1. HP: 16/16 MP: 1/1
     6 | D:5      | Noticed a hound
     8 | D:5      | Noticed an orc priest
    42 | D:5      | Reached skill level 7 in Stealth
    42 | D:5      | Reached XP level 2. HP: 21/21 MP: 2/2
    53 | D:5      | HP: 1/21 [orc/+0 trident (2)]
    55 | D:5      | Slain by an orc priest

Illustrated notes

Levels and vault maps discovered:
D:5:      layout_basic, serial_bayou, serial_bayou_lagoon_a,
          serial_bayou_lagoon_b, serial_bayou_ford_a, serial_bayou_pond_a,
          serial_bayou_pond_e, minmay_pentangle

Skill      XL: |  1 |
---------------+----+-----
Stealth        | 7 |  7.3
Fighting       | |  3.0
Short Blades   | |  2.0
Dodging        | |  2.0

Action                     || total
---------------------------++-------
  Melee: Short sword       ||    11
         Constrict         ||     2
         Tentacles         ||     2
   Stab: Distracted        ||     1
 Armour: Skin              ||     1
  Dodge: Dodged            ||     8
